 Dungeon Crawl Stone Soup version 0.24-a0-335-g06ca16af6c (webtiles) character file.

Game seed: 22556631140115891

234 Ezendos the Sneak (level 5, -16/26 HPs)
             Began as a Spriggan Enchanter on May 18, 2019.
             Demolished by Menkaure (23 damage)
             ... on level 4 of the Dungeon.
             The game lasted 00:16:53 (5696 turns).

Ezendos the Sneak (Spriggan Enchanter)              Turns: 5696, Time: 00:16:53

Health: -16/26     AC: 11    Str:  4    XL:     5   Next: 75%
Magic:  11/11      EV: 18    Int: 18    God:
Gold:   155        SH:  0    Dex: 16    Spells: 5/11 levels left

rFire    . . .     SeeInvis +   e - +0 dagger (protect)
rCold    . . .     Gourm    .   (shield restricted)
rNeg     . . .     Faith    .   l - +0 robe
rPois    .         Spirit   .   i - +2 hat
rElec    .         Reflect  .   (no cloak)
rCorr    .         Harm     .   (gloves unavailable)
MR       .....                  (boots unavailable)
Stlth    ++++......             (no amulet)
HPRegen  0.08/turn              (no ring)
MPRegen  0.12/turn              (no ring)

@: protection aura, very quick
A: very small, unfitting armour, see invisible, herbivore, speed 3, slow
metabolism 2
a: no special abilities


You were on level 4 of the Dungeon.
You were not hungry.

You visited 1 branch of the dungeon, and saw 4 of its levels.

You collected 225 gold pieces.
You spent 70 gold pieces at shops.

Inventory:

Hand Weapons
 a - a +1 dagger
 e - a +0 dagger of protection (weapon)
Missiles
 f - 8 poisoned darts (quivered)
 g - 156 stones
 h - 23 sling bullets
 j - a throwing net
Armour
 i - a +2 hat (worn)
 l - a +0 robe (worn)
Scrolls
 b - 2 scrolls of blinking
 c - a scroll of enchant armour
 k - a scroll of identify
 n - a scroll of fear {unknown}
 p - a scroll of enchant weapon {unknown}
Potions
 m - a potion of ambrosia {unknown}
 o - a potion of lignification {unknown}
 q - a potion of haste {unknown}
 r - a potion of degeneration {unknown}
 s - a potion of brilliance {unknown}
Comestibles
 d - 9 rations


   Skills:
 - Level 1.9 Fighting
 - Level 2.6 Short Blades
 - Level 3.0 Dodging
 + Level 7.6 Stealth
 + Level 3.5 Spellcasting
 + Level 3.8 Hexes


You had 5 spell levels left.
You knew the following spells:

 Your Spells              Type           Power        Failure   Level  Hunger
a - Ensorcelled Hibernat  Hex/Ice        ##....       11%         2    ##.....
b - Confuse               Hex            ###.....     10%         3    ###....
d - Corona                Hex            ###....      3%          1    None

Your spell library contained the following spells:

 Spells                   Type           Power        Failure   Level  Hunger
 Tukima's Dance           Hex            ###.....     10%         3    ###....
 Dazzling Spray           Conj/Hex       ##....       22%         3    ###....


Dungeon Overview and Level Annotations

Branches:
Dungeon (4/15)
 Temple: D:4-7

Altars:
Dithmenos
Hepliaklqana
Kikubaaqudgha
Trog
Xom
Yredelemnul
Zin

Shops:
D:4 %

Annotations:
D:3 1 runed translucent door, Crazy Yiuf
D:4 Menkaure, Pikel


Innate Abilities, Weirdness & Mutations

You are very small and have problems with some larger weapons.
You are too small for most types of armour.
You have supernaturally acute eyesight. (SInv)
You are a herbivore.
You cover ground extremely quickly.
You need to consume almost no food.


Message History

You hit Menkaure but do no damage.
Menkaure is lightly damaged.
You hit Menkaure.
Menkaure is lightly damaged.
Menkaure gestures at you while chanting.
Pain shoots through your body!
You hit Menkaure but do no damage.
Menkaure is lightly damaged.
Menkaure barely misses you.
You hit Menkaure.
Menkaure is moderately damaged.
You barely miss Menkaure.
Menkaure is moderately damaged.
Menkaure hits you!
* * * LOW HITPOINT WARNING * * *
You hit Menkaure.
Menkaure is moderately damaged.
Menkaure hits you!!
Ouch! That really hurt!
You die...

.....#### ####........#.
##.............
#..............
#.............# #....
.........
#.#.###.......#
#.#.#..........
#.#.#.#@..............
#.#.....M..%..........
###...........$.........
#...........#...........
##........#.#...........
#.......>........l.....
#......#.#.#...........
#......∩.......<.......
##.....#.#..#..........


You could see Menkaure.

Vanquished Creatures
  A slave (D:4)
  2 hounds
  3 gnolls (D:2)
  4 adders
  3 worms (D:2)
  2 dart slugs
  4 leopard geckos
  10 orcs
  10 bats
  3 giant cockroaches
  8 goblins
  7 hobgoblins
  12 jackals
  6 kobolds
  A quokka (D:2)
  3 frilled lizards
  5 rats
84 creatures vanquished.

Notes
Turn   | Place    | Note
-------+----------+-------------------------------------------
     0 | D:1      | Ezendos the Spriggan Enchanter began the quest for the Orb.
     0 | D:1      | Reached XP level 1. HP: 9/9 MP: 5/5
   504 | D:1      | Reached skill level 5 in Stealth
   724 | D:1      | Reached XP level 2. HP: 5/13 MP: 6/6
   728 | D:1      | Learned a level 2 spell: Ensorcelled Hibernation
  2199 | D:1      | Reached skill level 1 in Fighting
  2244 | D:2      | Found an ancient bone altar of Kikubaaqudgha.
  2246 | D:2      | Found a bloodstained altar of Trog.
  2254 | D:2      | Reached XP level 3. HP: 15/18 MP: 8/8
  2263 | D:2      | Found a shadowy altar of Dithmenos.
  2263 | D:2      | Found a glowing silver altar of Zin.
  3415 | D:2      | Found a faded altar of an unknown god.
  3424 | D:2      | Reached skill level 6 in Stealth
  3424 | D:2      | Reached XP level 4. HP: 23/23 MP: 6/9
  3679 | D:2      | Found a hazy altar of Hepliaklqana.
  3955 | D:3      | Found a shimmering altar of Xom.
  4028 | D:3      | Reached XP level 5. HP: 25/26 MP: 7/10
  4059 | D:3      | Reached skill level 7 in Stealth
  4160 | D:3      | Found a basalt altar of Yredelemnul.
  4575 | D:3      | Found a runed translucent door.
  4576 | D:3      | Noticed Crazy Yiuf
  4627 | D:3      | Learned a level 3 spell: Confuse
  4866 | D:4      | Noticed a slave
  4866 | D:4      | Noticed a slave
  4866 | D:4      | Noticed a slave
  4867 | D:4      | Noticed a slave
  4868 | D:4      | Noticed Pikel
  4869 | D:4      | Killed a slave
  5652 | D:4      | Found Coupeesk's Food Shop.
  5664 | D:4      | Bought a ration for 70 gold pieces
  5679 | D:4      | Noticed Menkaure
  5696 | D:4      | Demolished by Menkaure

Levels and vault maps discovered:
D:1:      dpeg_arrival_tiny_i, layout_loops_ring, minmay_pentomino_u2
D:2:      lemuel_upstairs_altar, layout_basic, nicolae_overflow_crystal_walls,
          grunt_temple_overflow_open, chequers_ecumenical_altar_simple
D:3:      layout_loops_cross, lemuel_round_altar, yredelemnul_altar_generic,
          item_on_display_a, uniq_crazy_yiuf_cottage
D:4:      layout_basic, serial_shops, shop, cheibrodos_gnoll_hut, uniq_pikel,
          uniq_menkaure

Skill      XL: |  1  2  3  4  5 |
---------------+----------------+-----
Stealth        | 5 6 7 |  7.6
Fighting       | 1 |  1.9
Short Blades   | 2 |  2.6
Spellcasting   | 3 |  3.5
Dodging        | |  3.0
Hexes          | |  3.8

Action                   |  1- 3 |  4- 6 || total
-------------------------+-------+-------++-------
Melee: Dagger            |   219 |   185 ||   404
Throw: Dart              |     1 |     9 ||    10
 Cast: Ensorcelled Hiber |     8 |    18 ||    26
  Use: Scroll            |     2 |     2 ||     4
 Stab: Sleeping          |    13 |    21 ||    34
       Distracted        |     1 |       ||     1
  Eat: Ration            |       |     2 ||     2
Armor: Robe              |    21 |    27 ||    48
Dodge: Dodged            |   191 |   137 ||   328

Table legend:
 A = Non-vault XP
 B = Vault XP
 C = Vault XP percentage of total XP
 D = Non-vault monster count
 E = Vault monster count
 F = Vault count percentage of total count
                 A         B        C        D         E       F
            +---------+---------+-------+---------+---------+-------
      Total |     335 |       0 |   0.0 |      83 |       0 |   0.0
            +---------+---------+-------+---------+---------+-------
        D:1 |      40 |       0 |   0.0 |      20 |       0 |   0.0
        D:2 |     108 |       0 |   0.0 |      28 |       0 |   0.0
        D:3 |     113 |       0 |   0.0 |      26 |       0 |   0.0
        D:4 |      74 |       0 |   0.0 |       9 |       0 |   0.0
            +---------+---------+-------+---------+---------+-------
